[Event "Titled Tuesday Blitz April 12 Late 2022"]
[White "Vovk, Orest"]
[Black "Wagner, Dennis"]
[WhiteFideId "14113490"]
[BlackFideId "24650684"]
[WhiteElo "2493"]
[BlackElo "2693"]
[Result "0-1"]
[Round "03"]
[TimeControl "180+1"]
[Date "2022.04.13"]
[WhiteClock "0:00:07"]
[BlackClock "0:00:07"]

1. h4 Nf6 2. h5 d5 3. h6 gxh6 4. d3 h5 5. Nc3 Bg7 6. e4 dxe4 7. Nxe4 Nxe4 8. dxe4 Qxd1+ 9. Kxd1 Nc6 10. c3 Be6 11. Be2 O-O-O+ 12. Kc2 f5 13. Rxh5 fxe4 14. Be3 Bf7 15. Rh4 Bg6 16. Bg4+ Kb8 17. Ne2 h5 18. Nf4 hxg4 19. Rxg4 Ne5 20. Rxg6 Nxg6 21. Nxg6 Rh2 22. Nxe7 Rxg2 23. Nf5 Be5 24. Rh1 Rf8 25. Rh5 Rh2 26. Rg5 Bf4 27. Bxf4 Rxf2+ 28. Kb3 Rxf4 29. Nd4 e3 30. Re5 R4f6 31. Rxe3 Rb6+ 32. Ka3 a6 33. b4 Rh6 34. Kb3 Rh2 35. a4 b6 36. a5 b5 37. c4 bxc4+ 38. Kxc4 Rh4 39. Kc5 Rh5+ 40. Kc4 Rf4 41. Kc3 Kb7 42. Ne6 Rff5 43. Nc5+ Rxc5+ 44. bxc5 Rxc5+ 45. Kb4 Rb5+ 46. Ka4 Kc6 47. Re6+ Kb7 48. Rh6 Rd5 49. Rg6 Rd6 50. Rg5 Kc6 51. Rg8 Rd4+ 52. Kb3 Kb5 53. Rb8+ Kxa5 54. Kc3 Rd6 55. Kc4 Rc6+ 56. Kd5 Rb6 57. Rc8 Rb7 58. Kc5 Rb1 59. Rh8 Rc1+ 60. Kd4 c5+ 61. Kd3 Ka4 62. Rb8 a5 63. Kd2 Rc4 64. Kd3 Rb4 65. Rc8 Rb5 66. Kc4 Rb1 67. Rh8 Rc1+ 68. Kd3 Ka3 69. Ra8 a4 70. Rb8 Ka2 71. Kd2 Rc4 72. Kd3 Rb4 73. Ra8 Kb3 74. Rc8 c4+ 75. Kd2 a3 76. Kc1 a2 77. Ra8 Ra4 78. Rb8+ Ka3 79. Kc2 a1=Q 80. Rb1 Qxb1+ 0-1


[Site "https://www.chess.com"]

[Event "Titled Tuesday Blitz April 12 Late 2022"]
[White "Wieczorek, Oskar"]
[Black "Przybylski, Wojciech"]
[WhiteFideId "1133950"]
[BlackFideId "1117599"]
[WhiteElo "2629"]
[BlackElo "2430"]
[Result "1/2-1/2"]
[Round "03"]
[TimeControl "180+1"]
[Date "2022.04.13"]
[WhiteClock "0:00:15"]
[BlackClock "0:00:15"]

1. e4 e5 2. Nf3 Nc6 3. Nc3 Nf6 4. a3 Be7 5. d4 exd4 6. Nxd4 O-O 7. Nxc6 bxc6 8. e5 Ne8 9. Bd3 f6 10. Qh5 g6 11. Qh6 d5 12. exd6 cxd6 13. h4 Rf7 14. Bd2 d5 15. O-O-O Nd6 16. g4 Rb8 17. Qf4 Qb6 18. Na4 Qc7 19. Rde1 c5 20. Rxe7 Qxe7 21. Re1 Qc7 22. h5 g5 23. Qg3 Bd7 24. Nc3 Bc6 25. Re6 Nc4 26. Qxc7 Rxc7 27. Bxc4 dxc4 28. Rxf6 Rf8 29. Rxf8+ Kxf8 30. Bxg5 Rd7 31. Be3 Bf3 32. Bxc5+ Kf7 33. g5 Bxh5 34. Be3 Bf3 35. b3 cxb3 36. cxb3 Kg6 37. Kb2 Kf5 38. b4 Rb7 39. Kb3 a5 40. b5 Bg2 41. Ka4 Bf1 42. Kxa5 Rb8 43. Ba7 Ra8 44. b6 Bg2 45. Kb5 Kxg5 46. a4 h5 47. a5 h4 48. a6 h3 49. b7 Bxb7 50. axb7 Rg8 51. b8=Q Rxb8+ 52. Bxb8 Kg4 53. Ne2 Kf3 54. Ng1+ Kxf2 55. Nxh3+ Kg2 56. Ng5 Kf2 57. Nf7 Ke3 58. Kc6 Kd4 59. Ne5 Ke4 60. Kd6 Kd4 61. Ba7+ Ke4 62. Ke6 Kf4 63. Kd5 Kf5 64. Be3 Kf6 65. Ng4+ Kf5 66. Nf2 Kf6 67. Bf4 Kf5 68. Bd6 Kf6 69. Ne4+ Kf5 70. Be5 Kg4 71. Nc3 Kf3 72. Bd4 Kf4 73. Ke6 Kf3 74. Kf5 Kg3 75. Ke4 Kg4 76. Be3 Kg3 77. Nd5 Kg4 78. Bf4 Kh3 79. Kf3 Kh4 80. Ne7 Kh5 81. Be3 Kh4 82. Kf4 Kh3 83. Ng6 Kg2 84. Kg4 Kh2 85. Kf3 Kh3 86. Bf2 Kh2 87. Ne5 Kh3 88. Nd3 Kh2 89. Nf4 Kh1 90. Ne2 Kh2 91. Ng3 Kh3 92. Bg1 Kh4 93. Ne4 Kh5 94. Kf4 Kg6 95. Ng5 Kf6 96. Bc5 Kg6 97. Bd4 Kh5 98. Kf5 Kh4 99. Bf2+ Kh5 100. Bg3 Kh6 101. Ne6 Kh7 102. Kf6 Kh6 103. Ng7 Kh7 104. Kf7 Kh6 105. Bf4+ 1/2-1/2


[Site "https://www.chess.com"]

[Event "Titled Tuesday Blitz April 12 Late 2022"]
[White "Xiong, Jeffery"]
[Black "Ozates, Tuna"]
[WhiteFideId "2047640"]
[BlackFideId "6354521"]
[WhiteElo "2727"]
[BlackElo "1887"]
[Result "1-0"]
[Round "03"]
[TimeControl "180+1"]
[Date "2022.04.12"]
[WhiteClock "0:00:57"]
[BlackClock "0:00:12"]

1. d4 Nf6 2. c4 c6 3. Bf4 d5 4. cxd5 cxd5 5. e3 Nc6 6. Nc3 a6 7. Be2 Qb6 8. Na4 Qa5+ 9. Kf1 e5 10. dxe5 Ne4 11. Nf3 b5 12. Qxd5 Bb7 13. e6 fxe6 14. Qxe4 Nd8 15. Qd3 bxa4 16. Ne5 Qd5 17. Bh5+ g6 18. Qxd5 Bxd5 19. Bd1 a3 20. Ba4+ Ke7 21. bxa3 Kf6 22. Rc1 Bxa3 23. Rc7 g5 24. Nd7+ Kg6 25. Bc2+ Kh6 26. Be5 Nf7 27. h4 g4 28. Bxh8 Nxh8 29. Nf6 1-0


[Site "https://www.chess.com"]

[Event "Titled Tuesday Blitz April 12 Late 2022"]
[White "Xu, Yi"]
[Black "Martinez Reyes, Pedro Ramon"]
[WhiteFideId "8605564"]
[BlackFideId "3901807"]
[WhiteElo "2783"]
[BlackElo "2515"]
[Result "1-0"]
[Round "03"]
[TimeControl "180+1"]
[Date "2022.04.13"]
[WhiteClock "0:00:53"]
[BlackClock "0:00:59"]

1. e4 c5 2. Nf3 Nc6 3. Bb5 g6 4. O-O Bg7 5. Re1 Nf6 6. c3 O-O 7. h3 Qb6 8. a4 d6 9. d4 cxd4 10. cxd4 d5 11. e5 Ne4 12. Nc3 Be6 13. Be3 Rac8 14. Nxe4 dxe4 15. d5 Qa5 16. Ng5 Rfd8 17. Bd2 Rxd5 18. Bxa5 Rxd1 19. Raxd1 Bb3 20. Bxc6 Bxd1 21. Rxd1 bxc6 22. Nxe4 Bxe5 23. Bc3 Bxc3 24. Nxc3 Rb8 25. Rd2 Rb4 26. Kf1 e5 27. Ke2 f5 28. f3 Kf7 29. Kd3 Ke6 30. Kc2 Rb8 31. b3 h5 32. a5 g5 33. Na4 Rb5 34. a6 g4 35. hxg4 hxg4 36. Kc3 g3 37. b4 Rd5 38. Nc5+ Kd6 39. Rxd5+ cxd5 40. Kd3 Kc6 41. Ke3 f4+ 42. Kd2 Kb5 43. Nd3 Kxa6 44. Nxe5 Kb5 45. Kc3 d4+ 46. Kxd4 Kxb4 47. Nc6+ Kb3 48. Nxa7 Kc2 49. Ke4 Kd2 50. Kxf4 Ke2 51. Kxg3 1-0


[Site "https://www.chess.com"]

[Event "Titled Tuesday Blitz April 12 Late 2022"]
[White "Yanchenko, Roman"]
[Black "Sjugirov, Sanan"]
[WhiteFideId "4137329"]
[BlackFideId "4189302"]
[WhiteElo "2514"]
[BlackElo "2602"]
[Result "1-0"]
[Round "03"]
[TimeControl "180+1"]
[Date "2022.04.12"]
[WhiteClock "0:00:07"]
[BlackClock "0:00:05"]

1. d4 Nf6 2. c4 e6 3. Nf3 d5 4. Nc3 c6 5. Bg5 Nbd7 6. e3 h6 7. Bh4 Be7 8. Qc2 O-O 9. Rd1 b6 10. cxd5 cxd5 11. Bd3 Bb7 12. O-O Rc8 13. Qb1 a6 14. Rc1 b5 15. h3 Bd6 16. a4 b4 17. Ne2 Qb6 18. Bg3 a5 19. Rxc8 Rxc8 20. Rc1 Rxc1+ 21. Qxc1 Bxg3 22. fxg3 Qd6 23. Bb5 Kf8 24. g4 Ke7 25. Nf4 Nb8 26. Ne5 g5 27. Nfd3 Ne4 28. Nf2 Nxf2 29. Kxf2 f6 30. Nd3 Bc6 31. Nc5 Bxb5 32. axb5 Qc7 33. Qc2 Nd7 34. Qh7+ Kd6 35. b6 Nxb6 36. Nb7+ Kc6 37. Nxa5+ Kd6 38. Qxh6 Qc2+ 39. Kg3 Qe2 40. Qf8+ Kc7 41. Qe7+ Nd7 42. Qxe6 Qe1+ 43. Kh2 Qf2 44. Qc6+ Kd8 45. Nb7+ Ke7 46. Qd6+ Ke8 47. Qe6+ Kf8 48. Qxd7 Qxe3 49. Qd6+ Kf7 50. Qc7+ Kg6 51. Nd8 Qxd4 52. Ne6 Qe5+ 53. Qxe5 fxe5 54. Kg3 Kf6 55. Nc7 d4 56. Nd5+ Ke6 57. Nxb4 e4 58. Kf2 Kd6 59. Ke2 Kc5 60. Nc2 d3+ 61. Kd2 dxc2 62. Kxc2 Kd4 63. Kd2 Kd5 64. Ke3 Ke5 65. g3 1-0


[Site "https://www.chess.com"]

[Event "Titled Tuesday Blitz April 12 Late 2022"]
[White "Yedidia, Daniel"]
[Black "Miszler, Levente"]
[WhiteFideId "30905907"]
[BlackFideId "763276"]
[WhiteElo "2610"]
[BlackElo "1966"]
[Result "1-0"]
[Round "03"]
[TimeControl "180+1"]
[Date "2022.04.13"]
[WhiteClock "0:00:03"]
[BlackClock "0:00:12"]

1. d4 Nf6 2. c4 e6 3. Nc3 d5 4. cxd5 exd5 5. Bg5 Be7 6. e3 c6 7. Bd3 h6 8. Bh4 Be6 9. Nge2 Nbd7 10. Nf4 O-O 11. O-O Bd6 12. Nxe6 fxe6 13. f3 e5 14. Bc2 Qc7 15. h3 Rae8 16. dxe5 Bxe5 17. e4 Qb6+ 18. Bf2 Qxb2 19. Na4 Qxa1 20. Qxa1 Bxa1 21. Rxa1 dxe4 22. fxe4 Nxe4 23. Bxa7 b5 24. Nb2 Nec5 25. a4 b4 26. Nd3 Nxd3 27. Bxd3 c5 28. Bc4+ Kh8 29. Rd1 Re7 30. Bd5 Nf6 31. Bxc5 Nxd5 32. Rxd5 Re1+ 33. Kh2 Rb8 34. Rd7 b3 35. Bd4 Rg8 36. Rb7 Rd1 37. Bc3 Rb1 38. a5 Kh7 39. a6 h5 40. a7 Rd1 41. Rb8 Rdd8 42. a8=Q Rxb8 43. Qe4+ g6 44. Qe7+ Kh6 45. Bd2+ g5 46. Qf6+ Rg6 47. Bxg5+ Kh7 48. Qf7+ Rg7 49. Qxh5+ Kg8 50. Bf6 b2 51. Qd5+ Rf7 52. Qg5+ Kf8 53. Bxb2 Rxb2 54. Qd8+ Kg7 55. Qd4+ Kg8 56. Qxb2 Rg7 57. Qf2 Rb7 58. g4 Rc7 59. h4 Rc3 60. Qf5 Rc5 61. Qxc5 Kf7 62. Qd6 Kg7 63. Qe6 Kh8 64. Qe7 Kg8 65. Kg3 Kh8 66. Kf4 Kg8 67. Kf5 Kh8 68. Kg6 Kg8 69. Qe8# 1-0


[Site "https://www.chess.com"]

[Event "Titled Tuesday Blitz April 12 Late 2022"]
[White "Yoo, Christopher Woojin"]
[Black "Petrovskyi, Vadym"]
[WhiteFideId "30909694"]
[BlackFideId "14165210"]
[WhiteElo "2105"]
[BlackElo "2400"]
[Result "0-1"]
[Round "03"]
[TimeControl "180+1"]
[Date "2022.04.12"]
[WhiteClock "0:00:01"]
[BlackClock "0:00:11"]

1. e4 c5 2. Nf3 d6 3. d4 cxd4 4. Nxd4 Nf6 5. Nc3 a6 6. h4 e5 7. Nf5 d5 8. Qf3 d4 9. Nd5 Nxd5 10. exd5 Bxf5 11. Qxf5 Nd7 12. c3 g6 13. Qh3 Bg7 14. h5 Qb6 15. Be2 f5 16. O-O O-O-O 17. cxd4 exd4 18. Bf4 Be5 19. Qg3 Qd6 20. Bxe5 Nxe5 21. Bf3 g5 22. Rfd1 g4 23. Be2 Qxd5 24. Rac1+ Kb8 25. Bc4 Qd6 26. Kh1 Rhf8 27. Bd3 f4 28. Qh4 h6 29. Be4 d3 30. Rc3 Qb4 31. Bxb7 Ka7 32. Bxa6 Rd7 33. Ra3 Qxb2 34. Ra5 Qc3 35. Ra4 Qc2 36. Rxd3 Qxa4 37. Rxd7+ Qxd7 38. Bb5 f3 0-1


[Site "https://www.chess.com"]

[Event "Titled Tuesday Blitz April 12 Late 2022"]
[White "Zakhartsov, Vladimir"]
[Black "Ladan, Nicholas"]
[WhiteFideId "4145097"]
[BlackFideId "30918855"]
[WhiteElo "2491"]
[BlackElo "2167"]
[Result "1-0"]
[Round "03"]
[TimeControl "180+1"]
[Date "2022.04.13"]
[WhiteClock "0:01:05"]
[BlackClock "0:00:21"]

1. d4 d5 2. Nf3 Nf6 3. Bf4 c5 4. c3 Nc6 5. e3 Qb6 6. Qb3 c4 7. Qc2 Bf5 8. Qc1 Nh5 9. Bg3 h6 10. Nbd2 e6 11. b3 cxb3 12. axb3 Nxg3 13. hxg3 Be7 14. Be2 O-O 15. O-O Rfc8 16. Qb2 Bh7 17. Rfc1 a5 18. Ne1 Na7 19. Bd3 Bxd3 20. Nxd3 Nb5 21. c4 Nc7 22. Qa2 Bb4 23. Nf3 Na6 24. Nfe5 Qd6 25. Qa4 Rc7 26. Qb5 Rac8 27. c5 Qe7 28. Nxb4 axb4 29. Nd3 e5 30. Nxe5 Nxc5 31. Qxb4 Qe6 32. Rxc5 Rxc5 33. dxc5 Qxe5 34. Rd1 Rc7 35. Qd4 Qxd4 36. exd4 b6 37. b4 bxc5 38. dxc5 Rb7 39. Rb1 Kf8 40. c6 Rb6 41. Rc1 Rb8 42. c7 Rc8 43. b5 Ke7 44. b6 Kd7 45. Rc5 Kd6 46. b7 Rxc7 47. b8=Q 1-0


[Site "https://www.chess.com"]

[Event "Titled Tuesday Blitz April 12 Late 2022"]
[White "Abdyzhapar, Asylbek"]
[Black "Estrada Nieto, Julian"]
[WhiteFideId "13800337"]
[BlackFideId "5101018"]
[WhiteElo "2331"]
[BlackElo "2252"]
[Result "1-0"]
[Round "04"]
[TimeControl "180+1"]
[Date "2022.04.13"]
[WhiteClock "0:00:14"]
[BlackClock "0:00:02"]

1. d4 d5 2. Bf4 Nf6 3. e3 c5 4. c3 Nc6 5. Nd2 e6 6. Ngf3 h6 7. h3 Bd6 8. Ne5 O-O 9. Bd3 cxd4 10. exd4 Bxe5 11. dxe5 Nd7 12. Qe2 Nc5 13. Bc2 b6 14. O-O-O Ba6 15. Qe3 d4 16. Qg3 Kh8 17. Ne4 d3 18. Nxc5 bxc5 19. Bxd3 Bxd3 20. Rxd3 Qa5 21. a3 Qb5 22. Rhd1 Rab8 23. R1d2 Na5 24. Bxh6 Nb3+ 25. Kd1 gxh6 26. Qf4 Kh7 27. Qe4+ Kh8 28. Qh4 Kh7 29. Qe4+ Kh8 30. Qf4 Kh7 31. a4 Qc6 32. Rg3 Rbd8 33. Rxd8 Rxd8+ 34. Kc2 Na1+ 35. Kc1 Qd7 36. Qe4+ Kh8 37. Qf3 Qd2+ 38. Kb1 Qd1+ 39. Qxd1 Rxd1+ 40. Ka2 c4 41. Ka3 a5 42. b4 cxb3 43. Kb2 Kh7 44. Rf3 Kg6 45. g4 Nc2 46. Kxb3 Ne1 47. Re3 Nd3 48. Kc4 Nf4 49. Kb5 Rd5+ 50. Kb6 Rd3 51. c4 Rxe3 52. fxe3 Nd3 53. c5 Nxe5 54. Kxa5 f5 55. gxf5+ Kxf5 56. Kb5 Ke4 57. a5 Kxe3 58. a6 1-0


[Site "https://www.chess.com"]

[Event "Titled Tuesday Blitz April 12 Late 2022"]
[White "Afanasiev, Nikita"]
[Black "Fernandez Siles, Luis"]
[WhiteFideId "24183555"]
[BlackFideId "2209420"]
[WhiteElo "2507"]
[BlackElo "2212"]
[Result "0-1"]
[Round "04"]
[TimeControl "180+1"]
[Date "2022.04.13"]
[WhiteClock "0:01:23"]
[BlackClock "0:00:28"]

1. d4 Nf6 2. c4 g6 3. Nc3 Bg7 4. h3 O-O 5. g4 d5 6. g5 Ne4 7. Nf3 Nxc3 8. bxc3 c5 9. e3 Nc6 10. Rb1 e5 11. cxd5 Qxd5 12. c4 Qd6 13. d5 Ne7 14. Nd2 Bf5 15. Rxb7 e4 16. Bg2 f6 17. gxf6 Bxf6 18. Nxe4 Bxe4 19. Bxe4 Bh4 20. O-O Bxf2+ 21. Rxf2 Rxf2 22. Kxf2 Qh2+ 23. Ke1 Rf8 24. Rb2 Qg1+ 25. Kd2 Rf2+ 26. Kc3 Qxd1 27. Rxf2 Qxc1+ 0-1


[Site "https://www.chess.com"]

[Event "Titled Tuesday Blitz April 12 Late 2022"]
[White "Akrakan"]
[Black "Riehle, Marco"]
[BlackFideId "12904392"]
[WhiteElo "2172"]
[BlackElo "2462"]
[Result "0-1"]
[Round "04"]
[TimeControl "180+1"]
[Date "2022.04.13"]
[WhiteClock "0:00:19"]
[BlackClock "0:01:13"]

1. e4 e5 2. Nf3 Nf6 3. Nxe5 Nxe4 4. d4 d6 5. Nf3 d5 6. Bd3 Bd6 7. O-O O-O 8. c4 c6 9. Nc3 Nxc3 10. bxc3 dxc4 11. Bxc4 Bg4 12. h3 Bh5 13. Re1 Nd7 14. Qd3 Bg6 15. Qe2 b5 16. Bd3 Nf6 17. Bxg6 hxg6 18. Bg5 Qa5 19. Qc2 Nd5 20. Bd2 Qc7 21. Ne5 Rfe8 22. c4 Bxe5 23. dxe5 bxc4 24. Qxc4 Rxe5 25. Rac1 Rxe1+ 26. Bxe1 Re8 27. Bd2 Qd7 28. Qxc6 Qxc6 29. Rxc6 Re2 30. Be3 Nxe3 31. fxe3 Rxa2 32. Rc8+ Kh7 33. Ra8 g5 34. Kh2 Kg6 35. Kg3 f5 36. Kf3 Ra3 37. g3 Kf7 38. Rc8 g6 39. Rc6 Kg7 40. Rd6 Kh6 41. Rd8 Ra4 42. Rh8+ Kg7 43. Rc8 Ra6 44. Rc7+ Kh6 45. Rc8 Rb6 46. Rc7 a6 47. Ra7 Re6 48. Ra8 Kg7 49. Ra7+ Kf6 50. Ra8 Ke5 51. Ra7 Kd5 52. Rc7 Rc6 53. Rd7+ Kc5 54. Ra7 Kb5 55. h4 gxh4 56. gxh4 a5 57. Kf4 a4 58. Kg5 Ra6 59. Rb7+ Kc4 60. Rc7+ Kd3 61. Re7 a3 0-1


[Site "https://www.chess.com"]

[Event "Titled Tuesday Blitz April 12 Late 2022"]
[White "Aldokhin, Ivan"]
[Black "Svane, Rasmus"]
[WhiteFideId "24115720"]
[BlackFideId "4657101"]
[WhiteElo "2231"]
[BlackElo "2645"]
[Result "0-1"]
[Round "04"]
[TimeControl "180+1"]
[Date "2022.04.12"]
[WhiteClock "0:00:07"]
[BlackClock "0:00:18"]

1. e4 c6 2. Nc3 d5 3. d4 dxe4 4. Nxe4 Nf6 5. Nxf6+ exf6 6. Nf3 Bd6 7. Bc4 O-O 8. O-O Re8 9. h3 Nd7 10. Re1 Nf8 11. Rxe8 Qxe8 12. Bd2 Bf5 13. c3 Qd7 14. Qf1 Be4 15. Ne1 Ng6 16. Bd3 Bd5 17. Nc2 Re8 18. Ne3 Be6 19. Nc4 Bb8 20. f4 Bd5 21. g3 h5 22. Re1 Rxe1 23. Bxe1 h4 24. f5 Nf8 25. g4 Qc7 26. Qe2 Nh7 27. Bxh4 Ng5 28. Bxg5 Qg3+ 29. Kf1 fxg5 30. Qe8+ Kh7 31. f6+ g6 32. Ne3 Be6 33. Ke2 Bf4 34. Nf1 Qxh3 35. Qf8 Bxg4+ 36. Ke1 Qh4+ 37. Ng3 Qxg3+ 0-1


[Site "https://www.chess.com"]

[Event "Titled Tuesday Blitz April 12 Late 2022"]
[White "Ambartsumova, Karina"]
[Black "Moroni, Luca Jr"]
[WhiteFideId "4166299"]
[BlackFideId "865834"]
[WhiteElo "2262"]
[BlackElo "2573"]
[Result "0-1"]
[Round "04"]
[TimeControl "180+1"]
[Date "2022.04.12"]
[WhiteClock "0:00:07"]
[BlackClock "0:00:10"]

1. d4 d6 2. Nf3 g6 3. g3 Bg7 4. Bg2 Bd7 5. O-O Qc8 6. e4 Nc6 7. Nc3 Bh3 8. Be3 h5 9. d5 Ne5 10. Nxe5 Bxe5 11. Bxh3 Qxh3 12. Qf3 Nf6 13. Qg2 Qxg2+ 14. Kxg2 Bxc3 15. bxc3 Nxe4 16. Bd4 Nf6 17. Rfe1 Kd7 18. c4 Rhe8 19. Re3 Ng4 20. Rf3 f6 21. Rb1 b6 22. a4 Rab8 23. h3 Ne5 24. Rc3 c6 25. f4 Nf7 26. Ra3 Rec8 27. c3 Nd8 28. a5 c5 29. Be3 bxa5 30. Rxb8 Rxb8 31. Rxa5 Rb7 32. Kf3 Kc7 33. g4 hxg4+ 34. hxg4 Kb6 35. Ra1 a5 36. Ke4 Ra7 37. Ra4 Nf7 38. Bd2 Kc7 39. Be3 Kd7 40. Bd2 Nh6 41. Kf3 Nf7 42. Ke4 Nd8 43. Be3 Nb7 44. Bc1 Ra6 45. Ra2 a4 46. Ba3 Na5 47. Kd3 Ra8 48. Rh2 Rb8 49. Rh6 Rb3 50. Bc1 a3 51. Bxa3 Rxa3 52. Rxg6 Ra4 53. Rg8 Rxc4 54. Ra8 Ra4 55. g5 Rxf4 56. gxf6 Nc4 57. Ra7+ Kd8 58. fxe7+ Ke8 59. Rb7 Ne5+ 60. Ke3 Rh4 61. Rb6 Kxe7 62. Rb7+ Ke8 63. Rb8+ Ke7 64. Rb7+ Kf6 65. Kd2 Rh3 66. Kc2 Nc4 67. Kb3 Na5+ 0-1


[Site "https://www.chess.com"]

[Event "Titled Tuesday Blitz April 12 Late 2022"]
[White "Antonova, Nadezhda"]
[Black "Ansh M Shah"]
[WhiteFideId "14700182"]
[BlackFideId "25033379"]
[WhiteElo "1789"]
[BlackElo "1819"]
[Result "0-1"]
[Round "04"]
[TimeControl "180+1"]
[Date "2022.04.13"]
[WhiteClock "0:00:28"]
[BlackClock "0:00:14"]

1. Nf3 Nf6 2. b3 g6 3. Bb2 Bg7 4. g3 O-O 5. Bg2 d5 6. O-O c6 7. c4 Bg4 8. Ne5 Be6 9. d3 Nbd7 10. Nf3 h6 11. h3 Nb6 12. Nbd2 Qd7 13. Kh2 Rac8 14. Rc1 Rfd8 15. c5 Na8 16. Qc2 Nc7 17. Nd4 Nh5 18. Nxe6 Nxe6 19. Nf3 Bxb2 20. Qxb2 Qc7 21. d4 Nf6 22. e3 Ne4 23. b4 a6 24. a4 N6g5 25. b5 axb5 26. axb5 cxb5 27. Qxb5 Nxf3+ 28. Bxf3 Nd2 29. Bg4 Nxf1+ 30. Rxf1 e6 31. Rb1 Rb8 32. Kg2 Qc6 33. Qb2 Rd7 34. Be2 b5 35. Bxb5 Rdb7 36. Bxc6 Rxb2 37. Ra1 Rc2 38. Bd7 Rbb2 39. Rf1 Kf8 40. Ba4 Rc3 41. Bd7 Ke7 42. c6 Kd6 43. h4 f6 44. Be8 g5 45. hxg5 hxg5 46. g4 Rxe3 47. Rc1 Kc7 48. Ra1 Ree2 49. Ra7+ Kd6 50. Rd7+ Kxc6 51. Rf7+ Kd6 52. Rxf6 Ke7 0-1


[Site "https://www.chess.com"]

[Event "Titled Tuesday Blitz April 12 Late 2022"]
[White "Ashiev, Eduard"]
[Black "Dahlgren, James Allen"]
[WhiteFideId "4130090"]
[BlackFideId "22256873"]
[WhiteElo "2004"]
[BlackElo "2101"]
[Result "1-0"]
[Round "04"]
[TimeControl "180+1"]
[Date "2022.04.13"]
[WhiteClock "0:02:24"]
[BlackClock "0:02:02"]

1. d4 e6 2. e4 c5 3. d5 exd5 4. exd5 f5 5. c4 Nf6 6. Nc3 d6 7. Bd3 Be7 8. Nge2 O-O 9. O-O Na6 10. Re1 Nc7 11. a4 Bd7 12. Nf4 h6 13. Nb5 a6 14. Nxc7 1-0


[Site "https://www.chess.com"]

[Event "Titled Tuesday Blitz April 12 Late 2022"]
[White "Bachmann, Axel"]
[Black "Prado, Alexandra"]
[WhiteFideId "3700488"]
[BlackFideId "3301346"]
[WhiteElo "2587"]
[BlackElo "1678"]
[Result "1-0"]
[Round "04"]
[TimeControl "180+1"]
[Date "2022.04.13"]
[WhiteClock "0:01:14"]
[BlackClock "0:00:12"]

1. d4 Nf6 2. g3 g6 3. Bg2 Bg7 4. e4 d6 5. Ne2 O-O 6. O-O Nc6 7. Nbc3 a6 8. a4 Rb8 9. a5 Bg4 10. f3 Bd7 11. h3 Qc8 12. Kh2 h5 13. Bg5 Nh7 14. Be3 f5 15. Qd2 e5 16. Nd5 Nf6 17. c4 h4 18. dxe5 hxg3+ 19. Nxg3 dxe5 20. f4 fxe4 21. fxe5 Nxe5 22. Ne7+ Kh7 23. Nxc8 Rbxc8 24. Nxe4 Nxe4 25. Bxe4 Rf7 26. Rxf7 1-0


[Site "https://www.chess.com"]

[Event "Titled Tuesday Blitz April 12 Late 2022"]
[White "Barria Zuniga, Daniel"]
[Black "Olcayoz, Alper"]
[WhiteFideId "3400816"]
[BlackFideId "6300405"]
[WhiteElo "2414"]
[BlackElo "2255"]
[Result "0-1"]
[Round "04"]
[TimeControl "180+1"]
[Date "2022.04.13"]
[WhiteClock "0:00:03"]
[BlackClock "0:00:39"]

1. d4 Nf6 2. c4 e5 3. dxe5 Ne4 4. a3 d6 5. Qc2 d5 6. e3 Nc6 7. Nf3 Bg4 8. cxd5 Qxd5 9. Bc4 Qa5+ 10. b4 Bxb4+ 11. axb4 Qxa1 12. Qxe4 Bxf3 13. gxf3 O-O-O 14. O-O Qxe5 15. Bxf7 Qxe4 16. fxe4 Nxb4 17. e5 Kd7 18. e6+ Ke7 19. Ba3 a5 20. Nc3 Rd3 21. Rc1 Rhd8 22. Kg2 c6 23. Kf3 b5 24. h4 g6 25. Bb2 Rd2 26. Ba1 Nd3 27. Rf1 Ne5+ 28. Kg3 Nxf7 29. exf7 Kxf7 30. Ne4 Rd1 31. Rxd1 Rxd1 32. Bd4 a4 33. Ng5+ Kg8 34. Ne4 b4 35. Nc5 a3 36. Kf4 Rb1 37. Ke5 b3 38. Nxb3 Rxb3 39. Kd6 Rd3 40. Kxc6 Rxd4 41. exd4 a2 0-1


[Site "https://www.chess.com"]

[Event "Titled Tuesday Blitz April 12 Late 2022"]
[White "Begmuratov, Khumoyun"]
[Black "Rangel, Daniel"]
[WhiteFideId "14210207"]
[BlackFideId "2124475"]
[WhiteElo "1961"]
[BlackElo "2225"]
[Result "1-0"]
[Round "04"]
[TimeControl "180+1"]
[Date "2022.04.13"]
[WhiteClock "0:01:54"]
[BlackClock "0:01:07"]

1. e4 c6 2. d3 d5 3. Nd2 g6 4. Ngf3 Bg7 5. g3 Bg4 6. Bg2 e6 7. h3 Bxf3 8. Nxf3 Ne7 9. O-O Nd7 10. Re1 O-O 11. e5 Qc7 12. Bf4 c5 13. c3 b5 14. Qd2 Nc6 15. Qe2 a5 16. h4 h5 17. d4 b4 18. Rac1 bxc3 19. bxc3 cxd4 20. cxd4 Nb6 21. Ng5 Nc4 22. Rxc4 dxc4 23. Qxc4 Rfc8 24. Rc1 Qb6 25. Bxc6 Ra6 26. d5 exd5 27. Qxd5 Rxc6 28. Qxf7+ Kh8 29. Qe8+ 1-0


[Site "https://www.chess.com"]

[Event "Titled Tuesday Blitz April 12 Late 2022"]
[White "Bibasa, Bob"]
[Black "Senthilkumar, Pranav"]
[WhiteFideId "10000240"]
[BlackFideId "2083477"]
[WhiteElo "2056"]
[BlackElo "2389"]
[Result "1/2-1/2"]
[Round "04"]
[TimeControl "180+1"]
[Date "2022.04.13"]
[WhiteClock "0:00:21"]
[BlackClock "0:00:09"]

1. e4 e5 2. Nf3 Nc6 3. Bc4 Nf6 4. O-O Bc5 5. d3 d6 6. c3 h6 7. h3 a6 8. a4 g5 9. d4 Ba7 10. dxe5 dxe5 11. Qxd8+ Nxd8 12. Nxe5 Nxe4 13. Nd2 Nxd2 14. Bxd2 Be6 15. Bxe6 Nxe6 16. Rfe1 O-O 17. Rad1 Rad8 18. Bc1 Kg7 19. b3 c5 20. Be3 Bb8 21. Nd7 Rfe8 22. Nxb8 Rxb8 23. Rd7 Red8 24. Red1 b6 25. Rxd8 Rxd8 26. Rxd8 Nxd8 27. a5 c4 28. axb6 cxb3 29. c4 Kf6 30. Bd4+ Ke6 31. Kf1 a5 32. Ke2 a4 33. Kd3 a3 34. Kc3 b2 35. Kc2 f5 36. Bc5 Kd7 37. Bxa3 Kc6 38. c5 g4 39. Kxb2 gxh3 40. gxh3 Ne6 41. Kc3 Nf4 42. h4 h5 43. Kd4 Ng2 44. Ke5 Nxh4 45. Kf4 Kb7 46. Kg5 Nf3+ 47. Kxh5 Nd4 48. Bb2 Nb3 49. Ba3 Nd2 50. f4 Nc4 51. Kg6 Nxa3 52. Kxf5 Nb5 53. Ke5 Nc3 54. f5 Na4 55. Kd4 Kc6 56. f6 Nxc5 57. b7 Ne6+ 58. Ke5 Nf8 59. b8=Q Nd7+ 60. Ke6 Nxb8 61. f7 Nd7 62. Ke7 Kc7 63. Ke8 Kc8 64. Ke7 Kc7 65. f8=Q Nxf8 1/2-1/2


[Site "https://www.chess.com"]

[Event "Titled Tuesday Blitz April 12 Late 2022"]
[White "Bilych, Olexiy"]
[Black "Silvestre, Christian"]
[WhiteFideId "14156504"]
[BlackFideId "30956269"]
[WhiteElo "2176"]
[BlackElo "2426"]
[Result "1-0"]
[Round "04"]
[TimeControl "180+1"]
[Date "2022.04.13"]
[WhiteClock "0:00:18"]
[BlackClock "0:00:07"]

1. e4 c5 2. Nc3 Nc6 3. Nge2 g6 4. d4 cxd4 5. Nxd4 Bg7 6. Be3 Nf6 7. Bc4 O-O 8. Bb3 d5 9. exd5 Na5 10. O-O Nxb3 11. Nxb3 b6 12. Qd3 Bb7 13. Rad1 Rc8 14. d6 e6 15. Bg5 h6 16. Bh4 g5 17. Bg3 Nd5 18. Nxd5 Bxd5 19. d7 Rc4 20. Bd6 Qxd7 21. Bxf8 Qc6 22. Bxg7 Bxg2 23. Bc3 Rg4 24. Qd8+ Kh7 25. Qh8+ Kg6 26. Qf6+ Kh5 27. Qxf7+ Kh4 28. Be5 Bh3+ 29. Bg3+ Rxg3+ 30. fxg3+ Kg4 31. Qf2 Bxf1 32. Rxf1 Qe4 33. Qd4 Qxd4+ 34. Nxd4 e5 35. Nf5 e4 36. Ne3+ Kh3 37. Rf6 g4 38. Rxh6# 1-0


[Site "https://www.chess.com"]